 Dungeon Crawl Stone Soup version 0.30-a0-852-g08b95dd62f (webtiles) character file.

Game seed: 12045881552983674040

125 jimonade the Grasshopper (level 5, -9/53 HPs)
             Began as an Ogre Warper on Mar 5, 2023.
             Killed from afar by a steam dragon (17 damage)
             ... with a ball of steam
             ... on level 3 of the Dungeon.
             The game lasted 00:06:29 (2691 turns).

jimonade the Grasshopper (Ogre Warper)              Turns: 2691, Time: 00:06:30

Health: -9/53      AC:  3    Str: 15    XL:     5   Next: 9%
Magic:  9/9        EV: 10    Int: 14    God:
Gold:   66         SH:  0    Dex: 10    Spells: 7/9 levels left

rFire   . . .      SeeInvis .    a - +0 mace
rCold   . . .      Faith    .    (no shield)
rNeg    . . .      Spirit   .    b - +0 robe
rPois   +          Reflect  .    (helmet restricted)
rElec   .          Rampage  .    (no cloak)
rCorr   .                        (gloves unavailable)
Will    .....                    (boots unavailable)
Stlth   +                        (no amulet)
HPRegen 0.28/turn                p - ring of poison resistance
MPRegen 0.11/turn                (no ring)

@: no status effects
A: large, unfitting armour, tough skin 1
a: no special abilities


You were on level 3 of the Dungeon.
You visited 1 branch of the dungeon, and saw 5 of its levels.

You collected 66 gold pieces.

Inventory:

Hand Weapons
 a - a +0 mace (weapon)
Missiles
 d - 7 boomerangs of dispersal (quivered)
 m - 8 poisoned darts
 u - 4 javelins
Armour
 b - a +0 robe (worn)
Jewellery
 p - a ring of poison resistance (left hand)
 v - an amulet of magic regeneration
Scrolls
 c - 2 scrolls of blinking
 g - a scroll of teleportation {unknown}
 h - a scroll of noise {unknown}
 k - a scroll of brand weapon {unknown}
 l - 2 scrolls of torment {unknown}
 q - a scroll of enchant weapon {unknown}
 r - 4 scrolls of identify {unknown}
 s - a scroll of butterflies {unknown}
 x - a scroll of poison {unknown}
Potions
 e - a potion of lignification {unknown}
 f - 2 potions of might {unknown}
 i - a potion of mutation {unknown}
 j - 3 potions of flight {unknown}
 n - a potion of ambrosia {unknown}
 o - a potion of curing {unknown}
 t - a potion of magic {unknown}
 w - a potion of heal wounds {unknown}


   Skills:
 + Level 3.4 Fighting
 + Level 3.0 Maces & Flails
 + Level 1.0 Throwing
 + Level 2.8 Dodging
 + Level 2.7 Spellcasting
 * Level 3.5 Translocations


You had 7 spell levels left.
You knew the following spells:

 Your Spells              Type           Power      Damage    Failure   Level
a - Blink                 Tloc           22%        N/A       8%          2

Your spell library contained the following spells:

 Spells                   Type           Power      Damage    Failure   Level
 Lesser Beckoning         Tloc           22%        N/A       8%          2
 Teleport Other           Tloc           11%        N/A       16%         3
 Cigotuvi's Dreadful Rot  Necr/Pois/Air  2%         N/A       32%         2
 Vhi's Electric Charge    Tloc/Air       12%        N/A       32%         3
 Kindle Blastsparks       Fire/Tloc/Air  10%        2d10      38%         3
 Manifold Assault         Tloc           11%        N/A       45%         4
 Iskenderun's Mystic Bla  Conj/Tloc      6%         2d4       71%         4
 Dispel Undead            Necr           1%         3d6       91%         4
 Fulminant Prism          Conj/Hex       0%         3d5       91%         4
 Lee's Rapid Deconstruct  Erth           0%         3d4*      99%         5
 Death Channel            Necr           0%         N/A       100%        6


Dungeon Overview and Level Annotations

Branches:
Dungeon (5/15)
 Temple: D:4-7

Altars:

Shops:
D:1 [*(   D:4 [


Innate Abilities, Weirdness & Mutations

You are too large for most types of armour.
You have tough skin. (AC +1)


Message History

You thump the jackal!
You kill the jackal!
The jackal bites you.
You hit the jackal.
The jackal is heavily wounded.
The jackal bites you. The jackal barely misses you.
You hit the jackal.
You kill the jackal!
No target in view!
No target in view!
No target in view!
A bat is nearby!
Things that are here:
a jackal corpse; a jackal corpse The bat closely misses you.
You see here 3 gold pieces.
You now have 66 gold pieces (gained 3).
No target in view!
No target in view!
The steam dragon hisses angrily.
The bat hits you but does no damage.
You hit the bat.
You kill the bat!
The steam dragon breathes steam at you. The ball of steam hits you!
No target in view!
You are engulfed in a cloud of scalding steam.
The steam dragon breathes steam at you. The ball of steam hits you!!
The steam dragon bites you.
* * * LOW HITPOINT WARNING * * *
The steam dragon barely misses you.
You see here a +0 dagger.
The steam dragon attacks as you move away!
The steam dragon bites you!
* * * LOW HITPOINT WARNING * * *
The steam dragon claws you but does no damage.
The steam dragon breathes steam at you. The ball of steam hits you!
You die...

#.. #..... #..
...... ##
#.....#..
..#####>. =<..
#........#..# #
.........?.#...
#...#.#..##.###
#.....<@.......
#.....)§..#.###
#.....D...#
##....§§#.##
#.........(#
#.#####.####....
#..........+....
#######.####....
#†# .


You could see a steam dragon (catching breath).

Vanquished Creatures
  5 adders
  2 worms (D:2)
  6 ball pythons
  3 endoplasms
  3 giant cockroaches (D:1)
  12 goblins
  6 hobgoblins
  7 jackals
  2 quokkas (D:2)
  4 bats
  5 frilled lizards
  5 kobolds
  10 rats
70 creatures vanquished.

Notes
Turn   | Place    | Note
-------+----------+-------------------------------------------
     0 | D:1      | jimonade the Ogre Warper began the quest for the Orb.
     0 | D:1      | Reached XP level 1. HP: 22/22 MP: 3/3
   119 | D:1      | Reached XP level 2. HP: 29/29 MP: 5/5
   209 | D:1      | Found Puineobb's Assorted Antiques.
   421 | D:1      | Found Pyceych's Armour Shop.
   545 | D:1      | Found Jusa Vojiy's Antique Weapon Emporium.
   696 | D:1      | Found a faded altar of an unknown god.
   809 | D:2      | Reached XP level 3. HP: 36/36 MP: 7/7
  1246 | D:2      | Reached XP level 4. HP: 32/45 MP: 8/8
  1858 | D:3      | Noticed a steam dragon
  2504 | D:3      | You fall into a shaft and drop 2 floors!
  2504 | D:5      | Entered Level 5 of the Dungeon
  2507 | D:4      | Found Muageng's Antique Armour Shop.
  2612 | D:3      | Reached XP level 5. HP: 48/53 MP: 9/9
  2629 | D:3      | Learned a level 2 spell: Blink
  2691 | D:3      | Killed from afar by a steam dragon

Illustrated notes

Levels and vault maps discovered:
D:1:      minmay_arrival_diagonal_passages, layout_basic, serial_shops,
          nicolae_shop_behind_doors, shop, nicolae_shop_hallway_stairs,
          shapermc_ecumenical_altar_mp_vishouse
D:2:      layout_rooms, serial_rivers, chequers_serial_rivers_large_a,
          chequers_serial_rivers_micro_b, chequers_serial_rivers_micro_b,
          chequers_serial_rivers_micro_b, chequers_serial_rivers_micro_c,
          chequers_serial_rivers_small_a, minmay_tall_x
D:3:      wander_river, layout_basic, gammafunk_ghost_nasty_kobolds
D:4:      layout_rooms, serial_shops, nicolae_stop_n_shop_2, minmay_distorted
D:5:      layout_gridville, nicolae_sif_muna_condensation

Skill      XL: |  1  2  3  4  5 |
---------------+----------------+-----
Translocations | 3 |  3.5
Maces & Flails | 2 3 |  3.0
Fighting       | 3 |  3.4
Throwing       | |  1.0
Dodging        | |  2.8
Spellcasting   | |  2.7

Action                     |  1- 3 |  4- 6 || total
---------------------------+-------+-------++-------
  Melee: Mace              |   137 |   122 ||   259
         Punch             |     2 |       ||     2
 Armour: Robe              |    56 |    43 ||    99
  Dodge: Dodged            |    81 |    91 ||   172

Table legend: (Time is in decaauts)
 A = Elapsed time spent in this place.
 B = Non-inter-level travel time spent in this place.
 C = Inter-level travel time spent in this place.
 D = Time resting spent in this place.
 E = Time spent auto-exploring this place.
 F = Levels seen in this place.
 G = Mean time per level.
                   A        B        C        D        E       F      G
               +--------+--------+--------+--------+--------+-----+--------+
         Total |   2769 |   2727 |     42 |    503 |   1508 |   5 |  553.8 |
       Dungeon |   2769 |   2727 |     42 |    503 |   1508 |   5 |  553.8 |
               +--------+--------+--------+--------+--------+-----+--------+

Top non-repeatable levels by time:
     D:2: 1484 daAuts
     D:1: 840 daAuts
     D:3: 405 daAuts
     D:4: 35 daAuts
     D:5: 2 daAuts
